 Dungeon Crawl Stone Soup version 0.31.0-10-gcf4a605ca0 (webtiles) character file.

Game seed: 5959785123022330016

207 DocClef the Shield-Bearer (level 5, -2/47 HPs)
             Began as a Gnoll Fighter on Jan 25, 2024.
             Slain by turdburglar's ghost (9 damage)
             ... on level 4 of the Dungeon.
             The game lasted 00:02:50 (2311 turns).

DocClef the Shield-Bearer (Gnoll Fighter)           Turns: 2311, Time: 00:02:51

Health: -2/47      AC:  9    Str: 17    XL:     5   Next: 85%
Magic:  7/7        EV:  9    Int:  8    God:
Gold:   221        SH:  5    Dex: 11    Spells: 7/7 levels left

rFire   . . .        a - +0 flail
rCold   + . .        c - +0 buckler
rNeg    . . .        b - +0 scale mail
rPois   .            k - +0 helmet
rElec   .            (no cloak)
rCorr   .            (no gloves)
SInv    .            (no boots)
Will    .....        (no amulet) Stlth
                     o - ring of protection from cold
HPRegen 0.27/turn    (no ring)
MPRegen 0.10/turn

%: no passive effects
@: no status effects
A: fangs 1, strong nose, distributed training
a: no special abilities


You were on level 4 of the Dungeon.
You visited 1 branch of the dungeon, and saw 4 of its levels.

You collected 221 gold pieces.

Inventory:

Hand Weapons
 a - a +0 flail (weapon)
Armour
 b - a +0 scale mail (worn)
 c - a +0 buckler (worn)
 k - a +0 helmet (worn)
Jewellery
 o - a ring of protection from cold (left hand)
Wands
 t - a wand of digging (7)
Scrolls
 f - 6 scrolls of identify
 g - a scroll of enchant weapon {unknown}
 h - a scroll of amnesia {unknown}
 l - 2 scrolls of immolation {unknown}
 m - 2 scrolls of teleportation {unknown}
 s - 2 scrolls of enchant armour {unknown}
 u - a scroll of vulnerability {unknown}
 v - a scroll of fog {unknown}
Potions
 d - a potion of might
 e - 2 potions of cancellation
 i - 2 potions of lignification {unknown}
 j - a potion of resistance {unknown}
 n - a potion of invisibility {unknown}
 p - 2 potions of enlightenment {unknown}
 q - a potion of heal wounds {unknown}
 r - a potion of curing {unknown}


   Skills:
 + Level 6.7 Fighting
 + Level 1.7 Short Blades
 + Level 1.7 Long Blades
 + Level 1.7 Axes
 + Level 4.9 Maces & Flails
 + Level 1.7 Polearms
 + Level 1.7 Staves
 + Level 1.7 Ranged Weapons
 + Level 1.7 Throwing
 + Level 6.7 Armour
 + Level 1.7 Dodging
 + Level 1.7 Stealth
 + Level 6.7 Shields
 + Level 1.7 Unarmed Combat
 + Level 1.7 Spellcasting
 + Level 1.3 Conjurations
 + Level 1.3 Hexes
 + Level 1.3 Summonings
 + Level 1.3 Necromancy
 + Level 1.3 Translocations
 + Level 1.3 Fire Magic
 + Level 1.3 Ice Magic
 + Level 1.3 Air Magic
 + Level 1.3 Earth Magic
 + Level 1.3 Alchemy
 + Level 2.0 Invocations
 + Level 1.7 Evocations
 + Level 1.5 Shapeshifting


You had 7 spell levels left.
You didn't know any spells.
Your spell library contained the following spells:

 Spells                   Type           Power      Damage    Failure   Level
 Shock                    Conj/Air       8%         1d3       61%         1
 Swiftness                Air            2%         N/A       93%         3
 Airstrike                Air            1%         2d(1-17)  100%        4


Dungeon Overview and Level Annotations

Branches:
Dungeon (4/15)
 Temple: D:4-7

Altars:
Ashenzari

Annotations:
D:4 turdburglar's ghost, amateur DrSh


Innate Abilities, Weirdness & Mutations

You have very sharp teeth.
Your uncanny sense of smell can sniff out nearby items.
Your experience applies equally to all skills.


Message History

Turdburglar's ghost barely misses you.
Turdburglar's ghost lets out a mournful wail.
Turdburglar's ghost hits you.
You barely miss turdburglar's ghost. Your bite misses turdburglar's ghost.
Turdburglar's ghost is lightly damaged.
Turdburglar's ghost closely misses you.
You miss turdburglar's ghost.
Turdburglar's ghost is lightly damaged.
You block turdburglar's ghost's attack.
You barely miss turdburglar's ghost.
Turdburglar's ghost is lightly damaged.
Turdburglar's ghost hits you but does no damage.
You closely miss turdburglar's ghost.
Turdburglar's ghost is lightly damaged.
Turdburglar's ghost hits you but does no damage.
You miss turdburglar's ghost.
Turdburglar's ghost is lightly damaged.
Turdburglar's ghost hits you!
* * * LOW HITPOINT WARNING * * *
You barely miss turdburglar's ghost.
Turdburglar's ghost is lightly damaged.
You block turdburglar's ghost's attack.
You closely miss turdburglar's ghost. Your bite misses turdburglar's ghost.
Turdburglar's ghost is lightly damaged.
Turdburglar's ghost barely misses you. Turdburglar's ghost hits you.
* * * LOW HITPOINT WARNING * * *
There is a stone staircase leading down here.
You can't go up here!
Turdburglar's ghost hits you.
* * * LOW HITPOINT WARNING * * *
You climb downwards.
Found a leather armour.
There is a stone staircase leading up here.
You miss turdburglar's ghost.
Turdburglar's ghost is lightly damaged.
Turdburglar's ghost hits you but does no damage.
You miss turdburglar's ghost.
Turdburglar's ghost is lightly damaged.
Turdburglar's ghost hits you!
You die...

# .# .# ..#
####..#
##.W...####
#..@.......
...........###.
#####......#
##.......
###[..#... ...#
#. .... ...#.


You could see turdburglar's ghost.

Vanquished Creatures
  A bombardier beetle (D:3)
  An orc priest (D:3)
  A sleepcap (D:3)
  A gnoll (D:1)
  4 adders
  4 dart slugs
  A ribbon worm (D:2)
  4 orcs (D:3)
  5 ball pythons
  2 endoplasms (D:1)
  7 giant cockroaches
  2 goblins (D:1)
  8 hobgoblins
  2 jackals (D:2)
  3 quokkas
  4 bats
  2 frilled lizards
  4 kobolds
  7 rats
63 creatures vanquished.

Notes
Turn   | Place    | Note
-------+----------+-------------------------------------------
     0 | D:1      | DocClef the Gnoll Fighter began the quest for the Orb.
     0 | D:1      | Reached XP level 1. HP: 23/23 MP: 1/1
    51 | D:1      | Reached XP level 2. HP: 21/29 MP: 2/2
   234 | D:1      | Reached XP level 3. HP: 30/35 MP: 3/3
   372 | D:1      | Reached skill level 1 in Invocations
   605 | D:2      | Reached skill level 1 in Short Blades
   605 | D:2      | Reached skill level 1 in Long Blades
   605 | D:2      | Reached skill level 1 in Axes
   605 | D:2      | Reached skill level 1 in Polearms
   605 | D:2      | Reached skill level 1 in Staves
   605 | D:2      | Reached skill level 1 in Ranged Weapons
   605 | D:2      | Reached skill level 1 in Throwing
   605 | D:2      | Reached skill level 1 in Dodging
   605 | D:2      | Reached skill level 1 in Stealth
   605 | D:2      | Reached skill level 1 in Unarmed Combat
   605 | D:2      | Reached skill level 1 in Spellcasting
   605 | D:2      | Reached skill level 1 in Evocations
   629 | D:2      | Found a broken altar of Ashenzari.
   685 | D:2      | Identified the +0 robe of the Quahog {rF+ Str+2 Dex+3}
   743 | D:2      | Reached skill level 1 in Shapeshifting
   743 | D:2      | Reached XP level 4. HP: 40/41 MP: 5/5
  1144 | D:3      | Found a runed translucent door.
  1145 | D:3      | Noticed turdburglar's ghost (amateur DrSh)
  1192 | D:3      | Reached skill level 1 in Conjurations
  1192 | D:3      | Reached skill level 1 in Hexes
  1192 | D:3      | Reached skill level 1 in Summonings
  1192 | D:3      | Reached skill level 1 in Necromancy
  1192 | D:3      | Reached skill level 1 in Translocations
  1192 | D:3      | Reached skill level 1 in Fire Magic
  1192 | D:3      | Reached skill level 1 in Ice Magic
  1192 | D:3      | Reached skill level 1 in Air Magic
  1192 | D:3      | Reached skill level 1 in Earth Magic
  1192 | D:3      | Reached skill level 1 in Alchemy
  1195 | D:3      | HP: 1/41 [orc/+0 mace (4)]
  1549 | D:3      | Reached XP level 5. HP: 39/47 MP: 7/7
  1883 | D:3      | Found a faded altar of an unknown god.
  1891 | D:3      | Identified the +1 cloak of Sloth {^Drain Int+7 Dex+2
                  | Stlth+}
  2311 | D:4      | Slain by turdburglar's ghost

Illustrated notes

Levels and vault maps discovered:
D:1:      mrwooster_arrival_statue_2, layout_basic
D:2:      layout_loops_ring, basic_altar, minivault_11
D:3:      layout_loops_cross, ebering_ecumenical_altar_petrified,
          ebering_ghost_sewer_d, portal_sewer_entry_f,
          minmay_fractal_squares_diagonal_5
D:4:      layout_loops_ring, mainiacjoe_overflow_tiny_flanked,
          hellmonk_sif_muna_bookshelves, uniq_natasha

Skill      XL: |  1  2  3  4  5 |
---------------+----------------+-----
Invocations    | 1 2 |  2.0
Short Blades   | 1 |  1.7
Long Blades    | 1 |  1.7
Axes           | 1 |  1.7
Polearms       | 1 |  1.7
Staves         | 1 |  1.7
Ranged Weapons | 1 |  1.7
Throwing       | 1 |  1.7
Dodging        | 1 |  1.7
Stealth        | 1 |  1.7
Unarmed Combat | 1 |  1.7
Spellcasting   | 1 |  1.7
Evocations     | 1 |  1.7
Shapeshifting  | 1 |  1.5
Conjurations   | 1 |  1.3
Hexes          | 1 |  1.3
Summonings     | 1 |  1.3
Necromancy     | 1 |  1.3
Translocations | 1 |  1.3
Fire Magic     | 1 |  1.3
Ice Magic      | 1 |  1.3
Air Magic      | 1 |  1.3
Earth Magic    | 1 |  1.3
Alchemy        | 1 |  1.3
Fighting       | |  6.7
Maces & Flails | |  4.9
Armour         | |  6.7
Shields        | |  6.7

Action                     |  1- 3 |  4- 6 || total
---------------------------+-------+-------++-------
  Melee: Flail             |    80 |   117 ||   197
         Bite              |     8 |    11 ||    19
    Use: Scroll            |       |     1 ||     1
 Armour: Scale mail        |    44 |    71 ||   115
  Dodge: Dodged            |    35 |    46 ||    81
  Block: Buckler           |    25 |    35 ||    60
